 Dungeon Crawl Stone Soup version 0.31-a0-354-g827e0957a7 (webtiles) character file.

Game seed: 16740547638302123266

513 MrRokkomies the Conjurer (level 7, 0/44 HPs)
             Began as a Gargoyle Conjurer on July 24, 2023.
             Slain by Blork the orc
             ... wielding a +2 mace of protection
              (11 damage)
             ... on level 4 of the Dungeon.
             The game lasted 00:08:11 (3475 turns).

MrRokkomies the Conjurer (Gargoyle Conjurer)        Turns: 3475, Time: 00:08:12

Health: 0/44       AC: 10    Str: 12    XL:     7   Next: 20%
Magic:  2/11       EV: 10    Int: 21    God:
Gold:   200        SH:  0    Dex:  8    Spells: 6/12 levels left

rFire   . . .        e - +2 dagger (venom)
rCold   + . .        (no shield)
rNeg    + . .        j - +1 ring mail of Springtime {Str+2}
rPois   ∞            (no helmet)
rElec   +            (no cloak)
rCorr   .            (no gloves)
SInv    .            (no boots)
Will    .....        (no amulet)
Stlth   +            p - ring of protection from cold
HPRegen 0.27/turn    (no ring)
MPRegen 0.12/turn

%: no passive effects
@: no status effects
A: sickness immunity, AC +4, negative energy resistance 1, electricity
resistance, torment resistance 1, petrification resistance
a: no special abilities


You were on level 4 of the Dungeon.
You visited 1 branch of the dungeon, and saw 4 of its levels.

You collected 200 gold pieces.

Inventory:

Hand Weapons
 d - a +1 spear
 e - a +2 dagger of venom (weapon)
Armour
 a - a +1 robe
 j - the +1 ring mail of Springtime (worn) {Str+2}
   (You found it on level 2 of the Dungeon)

   Str:       It affects your strength (+2).
Jewellery
 p - a ring of protection from cold (left hand)
Scrolls
 c - 2 scrolls of enchant armour
 l - a scroll of fear
Potions
 b - 2 potions of magic
 g - a potion of invisibility
 k - a potion of berserk rage
 n - a potion of curing
 o - a potion of enlightenment {unknown}


   Skills:
 * Level 4.4 Fighting
 + Level 2.9 Dodging
 - Level 2.1 Stealth
 + Level 3.2 Spellcasting
 * Level 6.4 Conjurations


You had 6 spell levels left.
You knew the following spells:

 Your Spells              Type           Power      Damage    Failure   Level
a - Magic Dart            Conj           100%       1d8       2%          1
b - Searing Ray           Conj           60%        2d6       3%          2
c - Dazzling Flash        Conj/Hex       32%        N/A       24%         3

Your spell library contained the following spells:

 Spells                   Type           Power      Damage    Failure   Level
 Static Discharge         Conj/Air       32%        2-4/arc   12%         2
 Fulminant Prism          Conj/Hex       8%         3d7       61%         4
 Iskenderun's Mystic Bla  Conj/Tloc      16%        2d5       61%         4
 Airstrike                Air            1%         2d(1-17)  96%         4
 Summon Lightning Spire   Summ/Air       3%         N/A       96%         4


Dungeon Overview and Level Annotations

Branches:
Dungeon (4/15)
 Temple: D:4-7

Altars:
Ashenzari
Qazlal

Shops:
D:2 [

Annotations:
D:4 Blork the orc


Innate Abilities, Weirdness & Mutations

You are immune to sickness and miasma.
Your stone body is resilient. (AC +4)
You are immune to poison.
You resist negative energy. (rN+)
You are resistant to electric shocks. (rElec)
You are resistant to unholy torment.
You are immune to petrification.


Message History

Confirm with . or Enter, or press ? or * to list all spells.
Aiming: Searing Ray (safe; 3% risk of failure)
Press: ? - help, Shift-Dir - straight line, f/p - Blork the orc
Aim: Blork the orc, wielding a +2 mace of protection and wearing a +0 robe (moderately wounded, fast, 82% to hit)
The searing ray hits Blork the orc!
Blork the orc is severely wounded. (Press . to maintain the ray.) Blork the orc barely misses you.
Blork the orc hits you with a +2 mace of protection.
The searing ray hits Blork the orc.
Blork the orc is severely wounded.
Blork the orc points at you and mumbles some strange words.
The puff of flame hits you.
The searing ray hits Blork the orc but does no damage.
Blork the orc is severely wounded.
Blork the orc hits you but does no damage. x2
The searing ray hits Blork the orc.
Blork the orc is almost dead.
You finish channelling your searing ray.
Blork the orc closely misses you.
You barely miss Blork the orc.
Blork the orc is almost dead.
Blork the orc points at you and mumbles some strange words.
The puff of flame hits you. Blork the orc misses you.
You closely miss Blork the orc.
Blork the orc is almost dead.
Blork the orc closely misses you.
You closely miss Blork the orc.
Blork the orc is almost dead.
Blork the orc barely misses you.
Blork the orc looks satisfied for a moment.
You completely miss Blork the orc.
Blork the orc is almost dead.
Blork the orc hits you with a +2 mace of protection!
* * * LOW HITPOINT WARNING * * *
You hit Blork the orc but do no damage.
Blork the orc is poisoned.
Blork the orc is almost dead.
Blork the orc looks satisfied for a moment.
Blork the orc hits you with a +2 mace of protection!
You die...

+..+..#.......
#..#..#.......
#..#..........
#..#.......... +##
##+##+.......... .. ..
#.......... .#.
####.......
###+##o##+###..........
#.....@................
#......................
#......................
...........######.......
#..........# #.......
#..........# #.......
#..........# #.......
#..........# #.......
#..........# #...####


You could see Blork the orc (fast, very poisoned).

Vanquished Creatures
  Grinder (D:4)
  A howler monkey (D:4)
  2 hounds (D:4)
  A jelly (D:4)
  An iguana (D:4)
  4 gnolls (D:3)
  7 adders
  A worm (D:4)
  3 dart slugs
  5 orcs
  3 bats
  2 endoplasms (D:2)
  A giant cockroach (D:4)
  5 goblins
  6 hobgoblins
  3 jackals (D:2)
  2 quokkas (D:3)
  8 ball pythons
  3 frilled lizards
  6 kobolds
  4 rats
69 creatures vanquished.

Notes
Turn   | Place    | Note
-------+----------+-------------------------------------------
     0 | D:1      | MrRokkomies the Gargoyle Conjurer began the quest for the
                  | Orb.
     0 | D:1      | Reached XP level 1. HP: 10/10 MP: 3/3
   172 | D:1      | Reached XP level 2. HP: 16/16 MP: 3/5
   175 | D:1      | Learned a level 2 spell: Searing Ray
   198 | D:1      | Reached skill level 1 in Fighting
   693 | D:1      | You fall into a shaft and drop 1 floor!
   697 | D:2      | Found Leuroic's Armour Emporium.
   718 | D:2      | Reached XP level 3. HP: 20/20 MP: 2/6
   847 | D:2      | Identified the +1 ring mail of Springtime {Str+2}
  1305 | D:3      | Reached skill level 5 in Conjurations
  1306 | D:3      | Reached XP level 4. HP: 15/26 MP: 2/7
  1713 | D:3      | Reached XP level 5. HP: 29/31 MP: 1/8
  2269 | D:3      | Found a stormy altar of Qazlal.
  2437 | D:4      | Learned a level 3 spell: Dazzling Flash
  2706 | D:4      | Reached XP level 6. HP: 33/37 MP: 1/10
  3191 | D:4      | Reached skill level 6 in Conjurations
  3277 | D:4      | Noticed Grinder
  3286 | D:4      | Paralysed by Grinder for 3 turns
  3290 | D:4      | Killed Grinder
  3291 | D:4      | Reached XP level 7. HP: 37/44 MP: 0/11
  3389 | D:4      | Found a broken altar of Ashenzari.
  3462 | D:4      | Noticed Blork the orc
  3475 | D:4      | Slain by Blork the orc

Illustrated notes

Levels and vault maps discovered:
D:1:      kilobyte_arrival_exit_the_forest, layout_basic,
          hangedman_feature_mirror, nicolae_kite_square_tiling_tiny
D:2:      layout_rooms, serial_shops, nicolae_shop_tiny_glass
D:3:      layout_loops_ring, marbit_many_paths
D:4:      layout_basic, mainiacjoe_overflow_24_doors,
          nicolae_overflow_hidden_temple, minmay_close_crescents, uniq_grinder,
          uniq_blork_the_orc, uniq_crazy_yiuf_cottage

Skill      XL: |  1  2  3  4  5  6 |
---------------+-------------------+-----
Fighting       | 1 2 3 4 |  4.4
Dodging        | 2 |  2.9
Conjurations   | 5 6 |  6.4
Spellcasting   | 3 |  3.2
Stealth        | |  2.1

Action                     |  1- 3 |  4- 6 |  7- 9 || total
---------------------------+-------+-------+-------++-------
  Melee: Unarmed           |     8 |       |       ||     8
         Punch             |     1 |       |       ||     1
         Spear             |    15 |    35 |       ||    50
         Dagger            |       |     9 |     5 ||    14
   Cast: Magic Dart        |    41 |    88 |       ||   129
         Searing Ray       |     2 |     1 |     2 ||     5
    Use: Scroll            |       |    11 |       ||    11
 Armour: Robe              |    18 |       |       ||    18
         Ring mail         |       |    36 |     2 ||    38
  Dodge: Dodged            |    27 |    13 |     7 ||    47

Table legend: (Time is in decaauts)
 A = Elapsed time spent in this place.
 B = Non-inter-level travel time spent in this place.
 C = Inter-level travel time spent in this place.
 D = Time resting spent in this place.
 E = Time spent auto-exploring this place.
 F = Levels seen in this place.
 G = Mean time per level.
                   A        B        C        D        E       F      G
               +--------+--------+--------+--------+--------+-----+--------+
         Total |   3478 |   3404 |     74 |    132 |   2821 |   4 |  869.5 |
       Dungeon |   3478 |   3404 |     74 |    132 |   2821 |   4 |  869.5 |
               +--------+--------+--------+--------+--------+-----+--------+

Top non-repeatable levels by time:
     D:3: 1137 daAuts
     D:4: 1078 daAuts
     D:1: 695 daAuts
     D:2: 567 daAuts
